cohdb
Replays
Latest Replays
All Replays
Popular Replays
Top Player Replays
Match Explorer
How It Works
Community
CoH3 Stats
Reddit
Sign in to upload your games and track your stats! →
Sign in with Steam
Match 47428216
Unlisted
Match 47428216
Overview
Messages
Build Orders
End
Vickers Machine Gun Team
Construct Section Command Post
Dingo Light Scout Car
Infantry Section
Infantry Section
Construct Platoon Command Post
Humber Armored Car
Selects Heavy Armor Battlegroup
Selects Rigorous Vehicle Training
6-pounder Anti-tank Gun Team
CMP 15cwt Truck
Selects Light Vehicle Withdraw and Refit
Royal Engineer Section
Construct Company Command Post
Selects UNKNOWN (202330)
Selects Forward Repair Assembly
Crusader AA Medium Tank
Crusader AA Medium Tank
Infantry Section
Unlock M3 Grant Medium Tanks
Grenade Package
Selects Recon Artillery
M3 Grant Medium Tank
Forward Retreat Point
M3 Grant Medium Tank
Recon Artillery
M3 Grant Medium Tank
Petranodon
BANTENG RAIDER
tubagznyven
Super Unta Kilat
nidjo
APACHE
[KOR]GermanRibbon
Vida
0
0
Comments
sign in to comment!
No comments posted yet!